 Dungeon Crawl Stone Soup version 0.26-a0-1191-ge2a0e31ab3 (webtiles) character file.

Game seed: 12340059700892992047

29 Azzok the Skirmisher (level 3, 28/29 HPs)
             Began as a Demonspawn Fighter on Dec 28, 2020.
             Quit the game on level 1 of the Dungeon.
             The game lasted 00:00:46 (764 turns).

Azzok the Skirmisher (Demonspawn Fighter)            Turns: 764, Time: 00:00:46

Health: 28/29      AC:  7    Str: 17    XL:     3   Next: 1%
Magic:  3/3        EV:  6    Int:  9    God:
Gold:   40         SH:  9    Dex: 12    Spells: 2/2 levels left

rFire    . . .     SeeInvis .   a - +0 war axe
rCold    . . .     Faith    .   c - +0 kite shield
rNeg     . . .     Spirit   .   b - +0 scale mail
rPois    .         Reflect  .   h - +0 helmet
rElec    .         Harm     .   (no cloak)
rCorr    .         Rampage  .   (no gloves)
Will     .....                  (no boots)
Stlth    ..........             (no amulet)
HPRegen  0.09/turn              (no ring)
MPRegen  0.08/turn              (no ring)

@: no status effects
A: hooves 1, spiny 1
a: no special abilities


You were on level 1 of the Dungeon.
You visited 1 branch of the dungeon, and saw 1 of its levels.

You collected 40 gold pieces.

Inventory:

Hand Weapons
 a - a +0 war axe (weapon)
Armour
 b - a +0 scale mail (worn)
 c - a +0 kite shield (worn)
 h - a +0 helmet (worn)
Scrolls
 e - a scroll of amnesia {unknown}
 f - a scroll of remove curse {unknown}
 g - a scroll of identify {unknown}
Potions
 d - a potion of might
 i - 2 potions of flight {unknown}
 j - a potion of attraction {unknown}


   Skills:
 + Level 3.2 Fighting
 * Level 2.4 Axes
 + Level 2.9 Armour
 + Level 2.9 Shields


You had 2 spell levels left.
You didn't know any spells.
Your spell library was empty.

Dungeon Overview and Level Annotations

Branches:
Dungeon (1/15)

Altars:


Innate Abilities, Weirdness & Mutations

You have large cloven feet.
You are partially covered in sharp spines.


Message History

Found a mace.
A leopard gecko is nearby!
A leopard gecko is nearby!
A rat comes into view.
There is an open door here.
The leopard gecko bites you but does no damage.
The rat closely misses you.
The leopard gecko bites you but does no damage.
Found 6 gold pieces.
You slash the leopard gecko!
You kill the leopard gecko!
You closely miss the rat. The rat bites you.
You have reached level 3!
Your experience leads to an increase in your attributes!
Increase (S)trength, (I)ntelligence, or (D)exterity?
You feel stronger.
Your demonic ancestry asserts itself...
Sharp spines emerge from parts of your body.
You drop a scroll labelled ZOILUF GIHAH.
The rat bites you but does no damage.
Are you sure you want to abandon this character and quit the game? (Confirm with "yes".)

▒▒▒▒▒▒
▒····▒▒
▒$····▒
▒▒·····▒▒
▒·······
▒·▒▒···▒
▒·▒▒···▒ ▒▒╬
▒·▒▒r@·▒
▒···
╬·▒▒·†·▒
▒···▒▒▒▒
▒··'···▒
╬·······
▒·▒▒·······
▒·······
▒·▒▒▒·······
········ ▒·▒
▒▒▒)····
···▒▒▒· ▒·▒
····· ▒· ▒·▒
·▒▒·· ▒▒▒▒▒▒
▒▒▒▒▒▒·▒ ··
▒▒▒·····


You could see a rat.

Vanquished Creatures
  A dart slug (D:1)
  2 leopard geckos (D:1)
  A giant cockroach (D:1)
  5 goblins (D:1)
  2 hobgoblins (D:1)
  3 jackals (D:1)
  4 bats (D:1)
  4 frilled lizards (D:1)
22 creatures vanquished.

Notes
Turn   | Place    | Note
-------+----------+-------------------------------------------
     0 | D:1      | Azzok the Demonspawn Fighter began the quest for the Orb.
     0 | D:1      | Reached XP level 1. HP: 18/18 MP: 1/1
   200 | D:1      | Gained mutation: You have large cloven feet. [demonic
                  | ancestry]
   200 | D:1      | Reached XP level 2. HP: 13/24 MP: 2/2
   763 | D:1      | Gained mutation: You are partially covered in sharp spines.
                  | [demonic ancestry]
   763 | D:1      | Reached XP level 3. HP: 28/29 MP: 3/3
   764 | D:1      | Quit the game

Illustrated notes

Levels and vault maps discovered:
D:1:      dpeg_arrival_central, layout_basic, hangedman_decor_push,
          kennysheep_pointless_box

Skill      XL: |  1 |
---------------+----+-----
Axes           | 2 |  2.4
Fighting       | |  3.2
Armour         | |  2.9
Shields        | |  2.9

Action                   || total
-------------------------++-------
Melee: War axe           ||    64
       Kick              ||     8
Armor: Scale mail        ||    41
Dodge: Dodged            ||    20
Block: Kite shield       ||    35

Table legend: (Time is in decaauts)
 A = Elapsed time spent in this place.
 B = Non-inter-level travel time spent in this place.
 C = Inter-level travel time spent in this place.
 D = Time resting spent in this place.
 E = Time spent auto-exploring this place.
 F = Levels seen in this place.
 G = Mean time per level.
                   A        B        C        D        E       F      G
               +--------+--------+--------+--------+--------+-----+--------+
         Total |    794 |    794 |      0 |      0 |    624 |   1 |  794.0 |
       Dungeon |    794 |    794 |      0 |      0 |    624 |   1 |  794.0 |
               +--------+--------+--------+--------+--------+-----+--------+

Top non-repeatable levels by time:
     D:1: 794 daAuts
